 Dungeon Crawl Stone Soup version 0.21.1-1-g345015fe64 (webtiles) character file.

85 NullDivider the Sneak (level 4, -5/30 HPs)
             Began as an Octopode Assassin on Apr 30, 2018.
             Killed from afar by htuhola's ghost (9 damage)
             ... with a magic dart
             ... on level 3 of the Dungeon.
             The game lasted 00:06:21 (3145 turns).

NullDivider the Sneak (Octopode Assassin)           Turns: 3145, Time: 00:06:22

Health: -5/30      AC:  1    Str: 10    XL:     4   Next: 48%
Magic:  4/4        EV: 13    Int: 13    God:
Gold:   166        SH:  0    Dex: 14    Spells: 3/3 levels left

rFire    . . .     SeeInvis .   a - +2 dagger
rCold    . . .     Gourm    .   (no shield)
rNeg     . . .     Faith    .   (helmet restricted)
rPois    +         Spirit   .   (no amulet)
rElec    .         Reflect  .   h - ring of poison resistance
rCorr    .         Harm     .   i - ring of wizardry
MR       .....                  (no ring)
Stlth    ++++......             (no ring)
HPRegen  0.10/turn              (no ring)
MPRegen  0.09/turn              (no ring)
                                (no ring)
                                (no ring)

@: no status effects
A: almost no armour, stealthy swim, amphibious, 8 rings, constrict 8, camouflage
1, gelatinous body 1
a: no special abilities


You were on level 3 of the Dungeon.
You were not hungry.

You visited 1 branch of the dungeon, and saw 3 of its levels.

You collected 166 gold pieces.

Inventory:

Hand Weapons
 a - a +2 dagger (weapon)
 b - a +0 blowgun
Missiles
 c - 8 poisoned needles
 d - 2 curare-tipped needles
Jewellery
 h - a ring of poison resistance (left tentacle)
 i - a ring of wizardry (right tentacle)
 k - an uncursed amulet of magic regeneration {unknown}
Scrolls
 n - a scroll of fog {unknown}
 o - 3 scrolls of remove curse
 q - 2 scrolls of teleportation {unknown}
 s - a scroll of enchant armour {unknown}
 t - a scroll of amnesia {unknown}
 u - a scroll of enchant weapon {unknown}
Potions
 e - a potion of curing {unknown}
 g - 2 potions of heal wounds {unknown}
 j - 3 potions of brilliance {unknown}
 l - a potion of lignification {unknown}
 m - a potion of berserk rage {unknown}
 p - 2 potions of resistance {unknown}
Comestibles
 f - 3 rations
 r - 2 chunks of flesh


   Skills:
 * Level 2.8 Fighting
 * Level 2.9 Short Blades
 + Level 2.3 Throwing
 * Level 2.2 Dodging
 + Level 5.6 Stealth


You had 3 spell levels left.
You didn't know any spells.

Dungeon Overview and Level Annotations

Branches:
Dungeon (3/15)

Altars:
Ashenzari
Nemelex Xobeh
Wu Jian

Annotations:
D:3 htuhola's ghost, amateur OpCj


Innate Abilities, Weirdness & Mutations

You cannot wear most types of armour.
You are very stealthy in the water. (Stealth+)
You are amphibious.
You can wear up to eight rings at the same time.
You can use your tentacles to constrict eight enemies at once.
Your skin changes colour to match your surroundings (Stealth+).
Your rubbery body absorbs attacks. (AC +1, EV +1)


Message History

You barely miss htuhola's ghost. Your squeeze misses htuhola's ghost.
Htuhola's ghost is heavily damaged.
Htuhola's ghost keens inconsolably.
Htuhola's ghost hits you.
You hit htuhola's ghost.
Htuhola's ghost is heavily damaged.
Htuhola's ghost casts a spell at you. The magic dart hits you!
You hit htuhola's ghost.
Htuhola's ghost is severely damaged.
Htuhola's ghost misses you.
You barely miss htuhola's ghost.
Htuhola's ghost is severely damaged.
Htuhola's ghost shouts, "They lied to you.
The Dungeon just goes down and down forever."
Htuhola's ghost stares at you and mumbles some strange words.
The magic dart hits you!
* * * LOW HITPOINT WARNING * * *
Htuhola's ghost casts a spell at you. The magic dart hits you!
You die...

#...#..... #._.######
#...#..g.. ######....
#.#..##... ..#...##..
..#....##.
..#.....##.#.########
..#......##..gW.@...#
..#.......#######.#.#
#.#.#.#####
##.#.######## ..#...#
#..#<.......# #.#.###
#.#########.# #.#)#
#.# #.# #.#.#### #.#
#.# #.#....# #.# #.#
#.####.# #.# ##.#


You could see htuhola's ghost and a hobgoblin.

Vanquished Creatures
  2 adders (D:2)
  An ooze (D:3)
  2 dart slugs
  2 leopard geckos
  4 orcs (D:3)
  2 ball pythons (D:3)
  5 bats
  9 giant cockroaches (D:3)
  2 goblins
  2 hobgoblins
  2 jackals (D:1)
  2 quokkas (D:3)
  5 frilled lizards
  7 kobolds
  2 rats
49 creatures vanquished.

Notes
Turn   | Place    | Note
-------+----------+-------------------------------------------
     0 | D:1      | NullDivider the Octopode Assassin began the quest for the Orb.
     0 | D:1      | Reached XP level 1. HP: 14/14 MP: 1/1
   873 | D:1      | Reached XP level 2. HP: 10/19 MP: 2/2
  1237 | D:2      | Found a sparkling altar of Nemelex Xobeh.
  1237 | D:2      | Found an ornate altar of the Wu Jian Council.
  1500 | D:2      | Reached XP level 3. HP: 25/25 MP: 3/3
  1793 | D:2      | Found a faded altar of an unknown god.
  2328 | D:3      | Reached XP level 4. HP: 30/30 MP: 4/4
  2491 | D:3      | Found a shattered altar of Ashenzari.
  2824 | D:3      | Noticed htuhola's ghost (amateur OpCj)
  3145 | D:3      | Killed from afar by htuhola's ghost

Skill      XL: |  1  2  3 |
---------------+----------+-----
Dodging        | 2 |  2.2
Fighting       | |  2.8
Short Blades   | |  2.9
Throwing       | |  2.3
Stealth        | |  5.6

Action                   |  1- 3 |  4- 6 || total
-------------------------+-------+-------++-------
Melee: Dagger            |    55 |    47 ||   102
       Constrict         |    10 |    10 ||    20
       Tentacles         |    10 |     8 ||    18
  Use: Scroll            |     1 |       ||     1
 Stab: Sleeping          |    13 |     5 ||    18
  Eat: Chunk             |     4 |     3 ||     7
Armor: Skin              |     2 |     9 ||    11
Dodge: Dodged            |    15 |    42 ||    57
